 Dungeon Crawl Stone Soup version 0.29-a0-542-g075992c915 (webtiles) character file.

Game seed: 17168287688992887836

20 Flugkiller the Skirmisher (level 3, -1/34 HPs)
             Began as a Meteoran Chaos Knight on June 3, 2022.
             Was a Plaything of Xom.
             Slain by a goblin
             ... wielding a +0 club
             ... led by Robin
              (5 damage)
             ... on level 1 of the Dungeon.
             The game lasted 00:00:51 (187 turns).

Flugkiller the Skirmisher (Meteoran Chaos Knight)    Turns: 187, Time: 00:00:51

Health: -1/34      AC:  5    Str: 15    XL:     3   Next: 14%
Magic:  4/4        EV: 11    Int: 13    God:    Xom [..*...]
Gold:   9          SH:  0    Dex: 14    Spells: 2/2 levels left

rFire   . . .      SeeInvis .   d - +3 dagger
rCold   . . .      Faith    .   (no shield)
rNeg    . . .      Spirit   .   b - +2 leather armour
rPois   .          Reflect  .   (no helmet)
rElec   .          Harm     .   (no cloak)
rCorr   .          Rampage  .   (no gloves)
Will    .....                   (no boots)
Stlth   +.........              (no amulet)
HPRegen 0.11/turn               (no ring)
MPRegen 0.09/turn               (no ring)

@: glowing
A: sense surroundings 1, otherworldly, glowing, explore regen
a: Renounce Religion


You were on level 1 of the Dungeon.
You worshipped Xom.
You were a toy of Xom.
You visited 1 branch of the dungeon, and saw 2 of its levels.

You collected 9 gold pieces.

Inventory:

Hand Weapons
 a - a +0 hand axe of chaos
 d - a +3 dagger (weapon)
   (You found it on level 1 of the Dungeon)
Armour
 b - a +2 leather armour (worn)
Scrolls
 e - 2 scrolls of identify {unknown}
 f - 2 scrolls of teleportation {unknown}
 g - a scroll of poison {unknown}
 h - a scroll of summoning {unknown}
Miscellaneous
 c - a piece from Xom's chessboard (15/15) (quivered)


   Skills:
 + Level 4.4 Fighting
 - Level 3.6 Axes
 - Level 2.4 Armour
 - Level 1.2 Dodging


You had 2 spell levels left.
You didn't know any spells.
Your spell library was empty.

Dungeon Overview and Level Annotations

Branches:
Dungeon (2/15)

Altars:

Annotations:
D:2 Robin


Innate Abilities, Weirdness & Mutations

You passively map a small area around you.
You are easily found by Zot.
You glow in the dark.
You regain HP and MP as you explore.


Message History

You kill the hobgoblin!
Things that are here:
a +0 short sword; a kobold corpse
Found a stone staircase leading down.
There is a stone staircase leading down here.
You climb downwards.
Found a scroll labelled ULIGGU ERIOL.
There is a stone staircase leading up here.
Found a stone staircase leading down.
Found a scroll labelled WIEGEI KAJEL.
h - a scroll labelled ULIGGU ERIOL
Found an escape hatch in the floor. 3 goblins come into view.
The goblin shouts! x2; You hear a shout! x2; You hear an angry hiss.
A goblin comes into view. It is wielding a +0 dagger.
A goblin comes into view. It is wielding a +0 club.
The goblin moves out of view. x2
You hear a shout! x2
You see here a scroll labelled WIEGEI KAJEL.
f - 2 scrolls labelled WIEGEI KAJEL (gained 1)
The goblin shouts!
A hobgoblin and 4 goblins come into view.
A goblin is wielding a +1 vampiric dagger.
Found a stone staircase leading up.
The goblin shouts! x4
Robin of the Strong Arm comes into view.
They are wielding a +0 trident.
The goblin moves out of view. x2
Robin roars a battlecry!
The goblins go into a battle-frenzy!
The goblin completely misses you.
You hear an angry hiss.
Okay, then.
The goblin attacks as you move away! The goblin hits you with a +0 dagger.
There is a stone staircase leading down here.
d - a +3 dagger (weapon)
You hit the goblin.
You kill the goblin!
An adder comes into view.
You have reached level 3!
Your experience leads to an increase in your attributes!
Increase (S)trength, (I)ntelligence, or (D)exterity?
You feel stronger. x2; You feel agile. Robin throws the goblin at you!
There is a stone staircase leading down here.
You hit the goblin.
The goblin is moderately wounded.
The goblin hits you but does no damage. The goblin barely misses you.
You hit the goblin.
You kill the goblin!
The goblin barely misses you. The goblin hits you but does no damage.
Robin throws the goblin at you!
You hit the goblin.
You kill the goblin!
The goblin hits you with a +0 club. The goblin hits you but does no damage.
You completely miss the goblin. The goblin barely misses you.
The goblin hits you with a +0 dagger.
You hit the goblin.
You kill the goblin!
You hit the goblin.
The goblin is moderately wounded.
The goblin hits you with a +0 club. Robin throws the goblin at you!
The goblin attacks as you move away! The goblin barely misses you.
The goblin no longer looks unusually strong.
The goblin no longer looks unusually strong.
The goblin attacks as you move away! The goblin hits you but does no damage.
The goblin attacks as you move away! The goblin hits you but does no damage.
The goblin no longer looks unusually strong.
The goblin attacks as you move away! The goblin hits you but does no damage.
The goblin no longer looks unusually strong.
There is a stone staircase leading up here.
You hit the goblin.
The goblin is severely wounded.
The goblin hits you with a +0 club. Robin throws the goblin at you!
The goblin hits you with a +0 club.
Robin says, "My army is invincible!"
Robin roars a battlecry!
The goblins go into a battle-frenzy!
The goblin hits you with a +0 club.
You climb upwards.
There is a stone staircase leading down here.
You are too injured to fight recklessly!
You hit the goblin.
The goblin is heavily wounded.
The goblin hits you with a +0 club.
* * * LOW HITPOINT WARNING * * *
The goblin barely misses you. The goblin closely misses you.
The goblin hits you with a +0 club.
* * * LOW HITPOINT WARNING * * *
The goblin hits you but does no damage. The goblin attacks as you move away!
The goblin hits you but does no damage.
A goblin comes into view. It is wielding a +0 dagger.
The goblin shouts!
You closely miss the goblin. Your punch misses the goblin.
The goblin is severely wounded.
The goblin hits you with a +0 club.
* * * LOW HITPOINT WARNING * * *
You closely miss the goblin.
The goblin is severely wounded.
The goblin hits you with a +0 club.
You die...

* ., #. #.........#
...#.##.........#### ,
...#................ **
................####
......#.#........... *
#.........#).#...... ,
####.#.#.#..#..####
...######g#.#.#..#..#*##
..g....@gg........... ..
*......###.#......#......
..... #.#.####.#.. ###
###., #.#.# **.#,.# # ..
#.#.. ,.. .#*## ## #....
, .. #.#### *##. **#.. ,
,, .. , , #.


You could see 4 goblins.

Vanquished Creatures
  A dart slug (D:1)
  An endoplasm (D:1)
  2 hobgoblins (D:1)
  A quokka (D:1)
  A ball python (D:1)
  3 frilled lizards (D:1)
  5 goblins
  3 kobolds (D:1)
  A rat (D:1)
18 creatures vanquished.

Notes
Turn   | Place    | Note
-------+----------+-------------------------------------------
     0 | D:1      | Flugkiller the Meteoran Chaos Knight began the quest for
                  | the Orb.
     0 | D:1      | Reached XP level 1. HP: 19/19 MP: 2/2
    39 | D:1      | XOM: butterfly on damage
    41 | D:1      | Reached XP level 2. HP: 3/27 MP: 3/3
    74 | D:1      | Reached skill level 4 in Fighting
   116 | D:1      | Found a faded altar of an unknown god.
   124 | D:1      | XOM: silly message
   157 | D:2      | Noticed Robin
   162 | D:2      | Reached XP level 3. HP: 28/33 MP: 4/4
   187 | D:1      | Slain by a goblin

Illustrated notes

Levels and vault maps discovered:
D:1:      lightli_arrival_noodles, layout_basic,
          ebering_ecumenical_altar_sacrificial
D:2:      layout_loops_ring, kennysheep_minor_cross, kennysheep_flooded_box,
          minmay_misc_feat_columns, minmay_box_of_dots, uniq_robin,
          uniq_terence, uniq_crazy_yiuf_cottage

Skill      XL: |  1  2 |
---------------+-------+-----
Fighting       | 4 |  4.4
Axes           | |  3.6
Armour         | |  2.4
Dodging        | |  1.2

Action                   || total
-------------------------++-------
Melee: Dagger            ||    23
       Hand axe          ||    22
Armor: Leather armour    ||    27
Dodge: Dodged            ||    24

Table legend: (Time is in decaauts)
 A = Elapsed time spent in this place.
 B = Non-inter-level travel time spent in this place.
 C = Inter-level travel time spent in this place.
 D = Time resting spent in this place.
 E = Time spent auto-exploring this place.
 F = Levels seen in this place.
 G = Mean time per level.
                   A        B        C        D        E       F      G
               +--------+--------+--------+--------+--------+-----+--------+
         Total |    188 |    188 |      0 |      0 |      0 |   2 |   94.0 |
       Dungeon |    188 |    188 |      0 |      0 |      0 |   2 |   94.0 |
               +--------+--------+--------+--------+--------+-----+--------+

Top non-repeatable levels by time:
     D:1: 148 daAuts
     D:2: 40 daAuts
